 Dungeon Crawl Stone Soup version 0.27-a0-13-g87abb2d9eb (webtiles) character file.

Game seed: 4764611661035355186

110 funkygono the Gusty (level 4, -8/33 HPs)
             Began as a Draconian Air Elementalist on Jan 2, 2021.
             Mangled by a small abomination (20 damage)
             ... on level 1 of the Abyss.
             The game lasted 00:05:49 (3262 turns).

funkygono the Gusty (Draconian Air Elementalist)    Turns: 3262, Time: 00:05:50

Health: -8/33      AC:  6    Str: 10    XL:     4   Next: 61%
Magic:  8/8        EV: 12    Int: 17    God:
Gold:   124        SH:  0    Dex: 11    Spells: 1/9 levels left

rFire    . . .     SeeInvis .   i - +3 mace (protect)
rCold    . . .     Faith    .   (no shield)
rNeg     . . .     Spirit   .   (armour unavailable)
rPois    .         Reflect  .   (helmet restricted)
rElec    .         Harm     .   (no cloak)
rCorr    .         Rampage  .   (no gloves)
Will     .....                  c - +0 pair of boots
Stlth    ++........             (no amulet)
HPRegen  0.11/turn              (no ring)
MPRegen  0.11/turn              (no ring)

@: no status effects
A: unfitting armour, cold-blooded, AC +5
a: no special abilities


You were on level 1 of the Abyss.
You visited 1 branch of the dungeon, and saw 3 of its levels.
You visited the Abyss 1 time.

You collected 124 gold pieces.

Inventory:

Hand Weapons
 b - a +0 dagger
 i - a +3 mace of protection (weapon)
 k - a cursed -1 mace
 l - a +0 mace of holy wrath
 n - a +0 mace of protection
Armour
 c - a +0 pair of boots (worn)
Jewellery
 f - an uncursed ring of protection from cold {unknown}
Scrolls
 a - 2 scrolls of magic mapping
 d - 2 scrolls of amnesia
 g - a scroll of identify
 j - a scroll of remove curse
Potions
 e - a potion of might
 h - 2 potions of mutation
 m - a potion of curing
 o - a potion of cancellation {unknown}


   Skills:
 * Level 2.2 Dodging
 + Level 2.0 Stealth
 * Level 3.0 Spellcasting
 * Level 2.1 Conjurations
 * Level 3.8 Air Magic


You had one spell level left.
You knew the following spells:

 Your Spells              Type           Power        Failure   Level
a - Shock                 Conj/Air       48%          4%          1
b - Static Discharge      Conj/Air       12%          16%         3
c - Airstrike             Air            7%           34%         4

Your spell library contained the following spells:

 Spells                   Type           Power        Failure   Level
 Swiftness                Air            15%          5%          2
 Lightning Bolt           Conj/Air       6%           80%         5


Dungeon Overview and Level Annotations

Branches:
Dungeon (3/15)

Altars:
Yredelemnul

Annotations:
D:3 Crazy Yiuf


Innate Abilities, Weirdness & Mutations

Your plain brown scales are hard. (AC +5)
You cannot fit into any form of body armour.
You are cold-blooded and may be slowed by cold attacks.


Message History

Unknown command.
The small abomination misses you.
The small abomination closely misses you.
The small abomination barely misses you.
The small abomination hits you.
The small abomination hits you but does no damage.
The small abomination closely misses you.
The small abomination hits you.
Found an embroidered robe.
The small abomination barely misses you.
The small abomination hits you!!
Ouch! That really hurt!
The small abomination closely misses you.
The small abomination closely misses you.
Found a mace.
The small abomination closely misses you.
The small abomination closely misses you.
The small abomination hits you!!
Ouch! That really hurt!
You die...

.##..#...## ...
#........# ##..##
. #...#. ..##.
...#..
##......##.#
..#.#
######.##.##....#
#.....)..#
####....##
#....##x##
###..##@.#
###....# #..#...
#... ...# #...
..#.# ##.. ...#.#
##. .#.### ..
...#


You could see a small abomination.

Vanquished Creatures
  3 adders (D:3)
  2 oozes
  A worm (D:2)
  A dart slug (D:2)
  5 leopard geckos
  5 orcs (D:3)
  4 giant cockroaches
  6 goblins
  7 hobgoblins
  4 jackals (D:2)
  A quokka (D:2)
  A ball python (D:1)
  4 bats (D:3)
  5 frilled lizards
  4 kobolds
  6 rats
59 creatures vanquished.

Notes
Turn   | Place    | Note
-------+----------+-------------------------------------------
     0 | D:1      | funkygono the Draconian Air Elementalist began the quest
                  | for the Orb.
     0 | D:1      | Reached XP level 1. HP: 14/14 MP: 3/3
   184 | D:1      | Reached XP level 2. HP: 13/20 MP: 0/5
  1164 | D:1      | Reached XP level 3. HP: 26/26 MP: 2/6
  1216 | D:1      | Learned a level 3 spell: Static Discharge
  1843 | D:2      | Found a faded altar of an unknown god.
  1966 | D:2      | Found a basalt altar of Yredelemnul.
  2310 | D:3      | Reached XP level 4. HP: 27/33 MP: 0/8
  2315 | D:3      | Learned a level 4 spell: Airstrike
  3117 | D:3      | Found a runed translucent door.
  3118 | D:3      | Noticed Crazy Yiuf
  3128 | D:3      | Cast into level 1 of the Abyss (Crazy Yiuf)
  3228 | Abyss:1  | Noticed a small abomination
  3262 | Abyss:1  | Mangled by a small abomination

Illustrated notes

Levels and vault maps discovered:
D:1:      dpeg_arrival_simpleton_a, layout_loops_ring, minmay_statues_item,
          minmay_three_crescents
D:2:      cheibrodos_helix_gallery, layout_rooms, lemuel_round_altar,
          chequers_ecumenical_altar_simple, hangedman_decor_clover_reticule
D:3:      layout_loops_corners, uniq_crazy_yiuf_cottage
Abyss:1:  base:
Temple

Skill      XL: |  1  2  3  4 |
---------------+-------------+-----
Dodging        | 2 |  2.2
Stealth        | 2 |  2.0
Spellcasting   | 3 |  3.0
Conjurations   | 2 |  2.1
Air Magic      | |  3.8

Action                   |  1- 3 |  4- 6 || total
-------------------------+-------+-------++-------
Melee: Dagger            |    19 |       ||    19
       Tailslap          |     2 |       ||     2
       Mace              |    23 |     8 ||    31
 Cast: Shock             |    88 |    34 ||   122
  Use: Scroll            |    12 |       ||    12
Armor: Skin              |    12 |     4 ||    16
Dodge: Dodged            |    38 |    16 ||    54

Table legend: (Time is in decaauts)
 A = Elapsed time spent in this place.
 B = Non-inter-level travel time spent in this place.
 C = Inter-level travel time spent in this place.
 D = Time resting spent in this place.
 E = Time spent auto-exploring this place.
 F = Levels seen in this place.
 G = Mean time per level.
                   A        B        C        D        E       F      G
               +--------+--------+--------+--------+--------+-----+--------+
         Total |   3274 |   3231 |     43 |      0 |   2794 |   4 |  818.5 |
       Dungeon |   3140 |   3097 |     43 |      0 |   2698 |   3 | 1046.7 |
         Abyss |    134 |    134 |      0 |      0 |     96 |   1 |  134.0 |
               +--------+--------+--------+--------+--------+-----+--------+

Top non-repeatable levels by time:
     D:1: 1251 daAuts
     D:3: 1031 daAuts
     D:2: 857 daAuts
 Abyss:1: 134 daAuts
